 Dungeon Crawl Stone Soup version 0.27.0-1-g7a089689b8 (webtiles) character file.

Game seed: 6093260438198861703

39 SnakkuSnakku7 the Chopper (level 3, 0/20 HPs)
             Began as a Vine Stalker Berserker on Aug 11, 2021.
             Was a Believer of Trog.
             Slain by Sigmund (1 damage)
             ... on level 2 of the Dungeon.
             The game lasted 00:01:39 (1742 turns).

SnakkuSnakku7 the Chopper (Vine Stalker Berserker)  Turns: 1742, Time: 00:01:40

Health: 0/20       AC:  6    Str: 20    XL:     3   Next: 47%
Magic:  0/4        EV: 18    Int:  7    God:    Trog [**....]
Gold:   14         SH:  0    Dex: 13    Spells: 2/2 levels left

rFire    + + .     SeeInvis .   (weapon currently unavailable)
rCold    + + .     Faith    .   (shield currently unavailable)
rNeg     + + +     Spirit   +   (armour currently unavailable)
rPois    ∞         Reflect  .   (helmet currently unavailable)
rElec    +         Harm     .   (cloak currently unavailable)
rCorr    +         Rampage  .   (gloves currently unavailable)
Will     .....                  (boots currently unavailable)
Stlth    +.........             (amulet currently unavailable)
HPRegen  0.06/turn              (ring currently unavailable)
MPRegen  0.09/turn              (ring currently unavailable)

@: wisp-form (expiring), on berserk cooldown, flying, slowed, very slow
A: insubstial, flying, no casting, tiny, (fangs 2), magic shield, (antimagic
bite), no potion heal 2
a: Renounce Religion, Berserk, Trog's Hand


You were on level 2 of the Dungeon.
You worshipped Trog.
Trog was pleased with you.
You were an insubstantial wisp.
You visited 1 branch of the dungeon, and saw 2 of its levels.

You collected 34 gold pieces.
You spent 20 gold pieces at shops.

Inventory:

Hand Weapons
 a - a +1 hand axe of flaming (melded)
 i - a +0 hand axe
Armour
 b - a +0 animal skin
 e - a +0 cloak (melded)
 f - a +0 ring mail (melded)
 g - a +0 buckler (melded)
Jewellery
 l - an amulet of regeneration
Scrolls
 c - 2 scrolls of teleportation {unknown}
 d - 2 scrolls of identify {unknown}
 k - a scroll of fog
 m - a scroll of vulnerability {unknown}
Potions
 h - a potion of degeneration {unknown}
 j - a potion of berserk rage {unknown}


   Skills:
 + Level 3.4 Fighting
 + Level 3.4 Axes
 - Level 1.5 Armour
 - Level 1.5 Dodging


You had 2 spell levels left.
You didn't know any spells.
Your spell library was empty.

Dungeon Overview and Level Annotations

Branches:
Dungeon (2/15)

Altars:

Shops:
D:2 *

Annotations:
D:2 Sigmund


Innate Abilities, Weirdness & Mutations

You are an insubstantial wisp.
Your tiny insubstantial body is highly resistant to most damage types.
You are flying.
Your equipment is entirely melded.
You are incapable of wielding weapons or throwing items.
You cannot cast spells.
((You have extremely sharp teeth.))
When hurt, damage is shared between your health and your magic reserves.
((Your bite disrupts and absorbs the magic of your enemies.))
Potions cannot restore your health.


Message History

You barely miss Sigmund.
Sigmund is moderately wounded.
Sigmund barely misses you.
You closely miss Sigmund.
Sigmund is moderately wounded.
Sigmund points at you and mumbles some strange words.
The puff of flame misses you.
You bump into the rock wall.
You feel a strong urge to attack something.
Sigmund gestures wildly while chanting.
Sigmund flickers and vanishes!
Deactivating autopickup; reactivate with Ctrl-A.
Unknown command.
You feel less confused.
You are no longer berserk.
You are exhausted.
You feel yourself slow down.
You hear a zap.
Something hits you!
You touch something.
Something closely misses you. Something misses you.
You touch something but do no damage.
Your transformation is almost over.
You hear a zap.
You miss something. Something hits you but does no damage.
You hear some strange, mumbled words.
A puff of flame appears from out of thin air!
The puff of flame misses you.
You barely miss something.
You hear some strange, mumbled words.
You are confused.
You bump into the rock wall.
Something hits you. Something hits you!
* * * LOW HITPOINT WARNING * * *
You miss something. Something hits you but does no damage.
You touch something but do no damage.
You hear some strange, mumbled words.
Something tries to affect you, but you resist.
You bump into the rock wall.
You feel less confused.
You hear a zap.
Something hits you.
You die...

##.## #..# ##.##
#..######### #..##.^....#
#...#.###.##
##..#.#.#.########
##########..#.#...........
........{v.....†..........
.##########...............
#....(....############.
#........>...........#.
#........###########.#.
#........# #.#. ##########
#.#. #.#. ##
###########.#.


There were no monsters in sight!

Vanquished Creatures
  A dart slug (D:2)
  5 ball pythons
  2 endoplasms (D:1)
  3 giant cockroaches (D:1)
  4 goblins
  5 hobgoblins
  2 jackals (D:1)
  2 kobolds
  2 bats (D:1)
  4 frilled lizards
  2 rats (D:1)
32 creatures vanquished.

Notes
Turn   | Place    | Note
-------+----------+-------------------------------------------
     0 | D:1      | SnakkuSnakku7 the Vine Stalker Berserker began the quest
                  | for the Orb.
     0 | D:1      | Reached XP level 1. HP: 11/11 MP: 2/2
   645 | D:1      | Reached XP level 2. HP: 15/16 MP: 3/3
   880 | D:1      | Reached XP level 3. HP: 17/20 MP: 4/4
   987 | D:1      | Reached ** piety under Trog
  1401 | D:2      | Found Ziofeag's General Store.
  1407 | D:2      | Bought a scroll of fog for 20 gold pieces
  1710 | D:2      | Noticed Sigmund
  1739 | D:2      | HP: 1/20 [something (8)]
  1742 | D:2      | Slain by Sigmund

Illustrated notes

Levels and vault maps discovered:
D:1:      mrwooster_arrival_arrow, layout_basic
D:2:      minmay_angry_zag, layout_basic, serial_shops,
          nicolae_shop_temple_entry_statues_fountains, uniq_sigmund,
          uniq_terence

Skill      XL: |  1 |
---------------+----+-----
Fighting       | 3 |  3.4
Axes           | 3 |  3.4
Armour         | |  1.5
Dodging        | |  1.5

Action                   || total
-------------------------++-------
Melee: Hand axe          ||    76
       Bite              ||    22
       Unarmed           ||    10
Invok: Berserk           ||     1
Armor: Animal skin       ||     9
       Ring mail         ||    19
       Skin              ||     2
Dodge: Dodged            ||    43
Block: Buckler           ||    11
